 Dungeon Crawl Stone Soup version 0.25-a0-663-gace7076f2c (webtiles) character file.

Game seed: 8555176321088869859, levelgen mode: deterministic

372 ReteAZ the Ruffian (level 6, -2/53 HPs)
             Began as a Ghoul Fighter on Mar 25, 2020.
             Was an Initiate of Makhleb.
             Slain by an orc wizard
             ... wielding a +0 dagger
              (3 damage)
             ... on level 4 of the Dungeon.
             The game lasted 00:03:53 (2446 turns).

ReteAZ the Ruffian (Ghoul Fighter)                  Turns: 2446, Time: 00:03:54

Health: -2/53      AC:  9    Str: 17 (20) XL:     6   Next: 71%
Magic:  5/5        EV:  7    Int:  4 (5)  God:    Makhleb [......]
Gold:   136        SH:  8    Dex:  5 (8)  Spells: 5/5 levels left

rFire    . . .     SeeInvis .     - Unarmed
rCold    + . .     Gourm    .   b - +0 kite shield
rNeg     + + +     Faith    .   a - +0 scale mail
rPois    ∞         Spirit   .   o - +0 helmet
rElec    .         Reflect  .   (no cloak)
rCorr    .         Harm     .   h - +0 pair of gloves {archery}
MR       .....                  (no boots)
Stlth    ..........             (no amulet)
HPRegen  0.00/turn              (no ring)
MPRegen  0.09/turn              (no ring)

@: stab, rotting, hasted, very quick
A: rotting body, claws 1, carnivore, cold resistance 1, negative energy
resistance 3, inhibited regeneration, torment resistance, unbreathing
a: Renounce Religion


You were on level 4 of the Dungeon.
You worshipped Makhleb.
Makhleb was noncommittal.
You were not hungry.

You visited 2 branches of the dungeon, and saw 5 of its levels.

You collected 136 gold pieces.

Inventory:

Armour
 a - a +0 scale mail (worn)
 b - a +0 kite shield (worn)
 h - a +0 pair of gloves of archery (worn)
 o - a +0 helmet (worn)
Jewellery
 r - a +2 ring of protection {unknown}
Scrolls
 g - a scroll of magic mapping {unknown}
 i - 4 scrolls of teleportation {unknown}
 k - 5 scrolls of identify {unknown}
 n - a scroll of noise {unknown}
 p - 2 scrolls of immolation {unknown}
 q - a scroll of remove curse {unknown}
Potions
 c - 2 potions of might
Comestibles
 d - 7 rations
 f - 3 chunks of flesh


   Skills:
 + Level 4.6 Fighting
 + Level 3.8 Armour
 + Level 3.8 Shields
 * Level 5.0 Unarmed Combat


You had 5 spell levels left.
You didn't know any spells.
Your spell library was empty.

Dungeon Overview and Level Annotations

Branches:
Dungeon (4/15)             Temple (1/1) D:4

Altars:
Cheibriados
Dithmenos
Kikubaaqudgha
Makhleb
Nemelex Xobeh
Ru
Sif Muna
Trog
Uskayaw
Xom
Yredelemnul
Zin


Innate Abilities, Weirdness & Mutations

Your body is rotting away.
You thrive on raw meat.
You are immune to poison.
You have sharp fingernails.
You are carnivorous and can eat meat at any time.
Your flesh is cold resistant. (rC+)
You are immune to negative energy. (rN+++)
You do not regenerate when monsters are visible.
You are immune to unholy pain and torment.
You can survive without breathing.


Message History

Something hits you but does no damage.
Your shield and scale mail prevent you from hitting something.
Something hits you but does no damage.
The orc wizard mumbles some strange words.
The orc wizard seems to speed up.
You closely miss the orc wizard. Something hits you but does no damage.
You hit the orc wizard.
The orc wizard is moderately wounded.
The orc wizard hits you but does no damage.
Something hits you but does no damage. Something hits you.
* * * LOW HITPOINT WARNING * * *
You closely miss the orc wizard.
The orc wizard is moderately wounded.
The orc wizard hits you but does no damage.
Something hits you but does no damage.
You miss the orc wizard.
The orc wizard is moderately wounded.
The orc wizard hits you but does no damage.
Something hits you.
You die...

...# #.. ...#..
#... ##.# #..# .
#####.##### .
#.........##
##.{{.>.....###
#..@o.........##
#..............##
#...............#
#..............#
#..............#
##....÷........#
#.............#
#.............#
##............#


You could see an orc wizard.

Vanquished Creatures
  Edmund (D:4)
  A hound (D:4)
  An orc wizard (D:3)
  A bullfrog skeleton (D:4)
  2 worker ant zombies
  4 adders
  2 oozes
  A worm (D:2)
  5 dart slugs
  7 leopard geckos
  6 orcs
  A giant cockroach (D:3)
  11 goblins
  5 hobgoblins
  4 jackals
  11 kobolds
  3 ball pythons
  4 bats
  3 frilled lizards
  A leopard gecko skeleton (D:4)
  6 rats
80 creatures vanquished.

Notes
Turn   | Place    | Note
-------+----------+-------------------------------------------
     0 | D:1      | ReteAZ the Ghoul Fighter began the quest for the Orb.
     0 | D:1      | Reached XP level 1. HP: 19/19 MP: 0/0
    82 | D:1      | Reached XP level 2. HP: 26/26 MP: 1/1
   248 | D:1      | Reached XP level 3. HP: 28/31 MP: 2/2
   276 | D:1      | Reached skill level 3 in Unarmed Combat
   873 | D:2      | Reached XP level 4. HP: 28/40 MP: 3/3
  1149 | D:2      | Noticed an ogre
  1658 | D:3      | Reached XP level 5. HP: 34/46 MP: 4/4
  1723 | D:3      | Reached skill level 4 in Unarmed Combat
  2011 | D:3      | Found a sparkling altar of Nemelex Xobeh.
  2039 | D:4      | Noticed Edmund
  2075 | D:4      | Killed Edmund
  2075 | D:4      | Reached XP level 6. HP: 40/53 MP: 5/5
  2105 | D:4      | Found a staircase to the Ecumenical Temple.
  2135 | Temple   | Entered the Ecumenical Temple
  2196 | Temple   | Became a worshipper of Makhleb the Destroyer
  2374 | D:4      | Reached skill level 5 in Unarmed Combat
  2444 | D:4      | HP: 1/53 [something (4)]
  2446 | D:4      | Slain by an orc wizard

Levels and vault maps discovered:
D:1:      dpeg_arrival_boxes_within_box, layout_rooms
D:2:      layout_loops_ring, first_ration, kennysheep_cross_room
D:3:      layout_rooms, lemuel_coloured_pillars_altar
D:4:      layout_cave_pods, temple_pool_b, chequers_serial_rivers_marsh,
          minmay_misc_feat_square, uniq_edmund
Temple:   minmay_crystal_snake_temple

Skill      XL: |  1  2  3  4  5  6 |
---------------+-------------------+-----
Unarmed Combat | 3 4 5 |  5.0
Armour         | 3 |  3.8
Shields        | 3 |  3.8
Fighting       | 4 |  4.6

Action                   |  1- 3 |  4- 6 || total
-------------------------+-------+-------++-------
Melee: Unarmed           |   129 |   264 ||   393
  Use: Potion            |       |     4 ||     4
  Eat: Chunk             |     9 |    13 ||    22
Armor: Scale mail        |    67 |   139 ||   206
Dodge: Dodged            |    56 |    53 ||   109
Block: Kite shield       |    66 |   102 ||   168

Table legend:
 A = Non-vault XP
 B = Vault XP
 C = Vault XP percentage of total XP
 D = Non-vault monster count
 E = Vault monster count
 F = Vault count percentage of total count
                 A         B        C        D         E       F
            +---------+---------+-------+---------+---------+-------
      Total |     366 |     166 |  31.2 |      79 |       1 |   1.2
            +---------+---------+-------+---------+---------+-------
        D:1 |      48 |       0 |   0.0 |      23 |       0 |   0.0
        D:2 |      68 |       0 |   0.0 |      18 |       0 |   0.0
        D:3 |     119 |       0 |   0.0 |      30 |       0 |   0.0
        D:4 |     131 |     166 |  55.9 |       8 |       1 |  11.1
            +---------+---------+-------+---------+---------+-------
